 Dungeon Crawl Stone Soup version 0.28.0-53-g5a82cb258f (webtiles) character file.

Game seed: 13032793056722143710

403 KamiKatze the Conjurer (level 6, -11/36 HPs)
             Began as an Octopode Conjurer on May 27, 2022.
             Was an Initiate of Vehumet.
             Mangled by an iguana (13 damage)
             ... on level 4 of the Dungeon.
             The game lasted 00:15:42 (3091 turns).

KamiKatze the Conjurer (Octopode Conjurer)          Turns: 3091, Time: 00:15:43

Health: -11/36     AC:  1    Str:  7    XL:     6   Next: 86%
Magic:  0/11       EV: 14    Int: 22    God:    Vehumet [......]
Gold:   88         SH:  0    Dex: 16    Spells: 0/11 levels left

rFire   . . .      SeeInvis .   f - +1 short sword
rCold   + . .      Faith    .   (no shield)
rNeg    . . .      Spirit   .   (helmet restricted)
rPois   .          Reflect  .   (no amulet)
rElec   .          Harm     .   k - ring of protection from cold
rCorr   .          Rampage  .   q - +6 ring of dexterity
Will    .....                   (no ring)
Stlth   +++.......              (no ring)
HPRegen 0.12/turn               (no ring)
MPRegen 0.12/turn               (no ring)
                                (no ring)
                                (no ring)

@: no status effects
A: almost no armour, amphibious, 8 rings, camouflage 1, gelatinous body 1,
(nimble swimmer 1), tentacles
a: Renounce Religion


You were on level 4 of the Dungeon.
You worshipped Vehumet.
Vehumet was noncommittal.
You visited 2 branches of the dungeon, and saw 5 of its levels.

You collected 88 gold pieces.

Inventory:

Hand Weapons
 f - a +1 short sword (weapon)
Missiles
 g - 69 stones (quivered)
 s - 6 poisoned darts
Jewellery
 k - a ring of protection from cold (left tentacle)
 q - a +6 ring of dexterity (right tentacle)
Wands
 l - a wand of polymorph (8)
Scrolls
 a - a scroll of enchant weapon
 b - a scroll of blinking {unknown}
 d - a scroll of magic mapping {unknown}
 j - 3 scrolls of teleportation
 m - a scroll of acquirement {unknown}
 r - a scroll of immolation {unknown}
 u - a scroll of enchant armour {unknown}
Potions
 c - a potion of brilliance {unknown}
 e - a potion of curing
 h - a potion of attraction
 i - a potion of haste
 n - a potion of ambrosia {unknown}
 o - a potion of might {unknown}
 p - 2 potions of mutation
 t - a potion of heal wounds {unknown}


   Skills:
 - Level 3.0 Dodging
 - Level 3.0 Stealth
 * Level 3.3 Spellcasting
 * Level 5.1 Conjurations
 * Level 2.8 Hexes
 * Level 3.0 Translocations


You couldn't memorise any spells.
You knew the following spells:

 Your Spells              Type           Power      Damage    Failure   Level
a - Magic Dart            Conj           100%       1d8       1%          1
b - Searing Ray           Conj           52%        2d6       2%          2
c - Fulminant Prism       Conj/Hex       10%        3d9       24%         4
d - Iskenderun's Mystic   Conj/Tloc      21%        2d6       22%         4

Your spell library contained the following spells:

 Spells                   Type           Power      Damage    Failure   Level
 Dazzling Flash           Conj/Hex       42%        N/A       7%          3
 Call Imp                 Summ           3%         N/A       19%         2
 Mephitic Cloud           Conj/Pois/Air  11%        N/A       19%         3


Dungeon Overview and Level Annotations

Branches:
Dungeon (4/15)             Temple (1/1) D:4

Altars:
Ashenzari
Cheibriados
Dithmenos
Fedhas
Kikubaaqudgha
Nemelex Xobeh
Okawaru
Ru
Trog
Vehumet
Wu Jian
Xom
The Shining One

Annotations:
D:3 Ijyb
D:4 exclusion: steam dragon


Innate Abilities, Weirdness & Mutations

You cannot wear most types of armour.
You are amphibious.
You can wear up to eight rings at the same time.
Your skin changes colour to match your surroundings (Stealth+).
Your rubbery body absorbs attacks. (AC +1, EV +1)
((You are camouflaged when in or above water. (Stealth+)))
You have tentacles for arms and can constrict up to eight enemies at once.


Message History

Confirm with . or Enter, or press ? or * to list all spells.
You can't see any susceptible monsters within range! (Use Z to cast anyway.)
There is a stone staircase leading up here.
Casting: Searing Ray (safe; 2% risk of failure)
Confirm with . or Enter, or press ? or * to list all spells.
Aiming: Searing Ray (safe; 2% risk of failure)
Press: ? - help, Shift-Dir - straight line, f - iguana
Aim: an iguana (82% to hit)
The searing ray hits the iguana.
The iguana is lightly wounded. (Press . to maintain the ray.)
The searing ray hits the iguana.
The iguana is lightly wounded.
The searing ray hits the iguana.
The iguana is lightly wounded.
The iguana bites you!
The searing ray hits the iguana.
The iguana is heavily wounded.
You finish channelling your searing ray.
The iguana bites you!
* * * LOW HITPOINT WARNING * * *
Unknown command.
Casting: Searing Ray (safe; 2% risk of failure)
Confirm with . or Enter, or press ? or * to list all spells.
You don't have enough magic to cast this spell.
Unknown command.
Casting: Searing Ray (safe; 2% risk of failure)
Confirm with . or Enter, or press ? or * to list all spells.
Aiming: Magic Dart (safe; 1% risk of failure)
Press: ? - help, Shift-Dir - straight line, f/p - iguana
Aim: an iguana (heavily wounded, 100% to hit)
The magic dart hits the iguana but does no damage.
The iguana is heavily wounded.
The iguana bites you!
* * * LOW HITPOINT WARNING * * *
You closely miss the iguana. You grab the iguana.
The iguana is heavily wounded.
You constrict the iguana, but do no damage.
The iguana bites you!
You die...

#..##.# ####...#
#.....# #..##
##########'#####
#....
#............#
#####
#............#
#####............#
....'............#
.####............#
#..'..........l@#
#)##........[...#
##
#.###############
#. #.# #. #.# #.
... #. s.. #. ...
#. l...# #.


You could see an iguana.

Vanquished Creatures
  A necrophage (D:4)
  A phantom (D:4)
  A scorpion (D:4)
  A hound (D:4)
  A jelly (D:4)
  A hound skeleton (D:4)
  4 adders
  A worm (D:3)
  5 orcs
  12 endoplasms
  2 giant cockroaches (D:2)
  7 hobgoblins
  2 jackals (D:4)
  6 kobolds
  2 quokkas
  5 ball pythons
  3 bats
  3 frilled lizards
  6 goblins
  5 rats
69 creatures vanquished.

Notes
Turn   | Place    | Note
-------+----------+-------------------------------------------
     0 | D:1      | KamiKatze the Octopode Conjurer began the quest for the
                  | Orb.
     0 | D:1      | Reached XP level 1. HP: 11/11 MP: 3/3
   172 | D:1      | Reached XP level 2. HP: 17/17 MP: 0/5
   175 | D:1      | Learned a level 2 spell: Searing Ray
   375 | D:1      | Reached skill level 1 in Translocations
   548 | D:1      | Reached XP level 3. HP: 21/21 MP: 2/6
   702 | D:2      | Reached skill level 1 in Hexes
   751 | D:2      | Found a faded altar of an unknown god.
  1316 | D:2      | Reached XP level 4. HP: 27/27 MP: 5/7
  1321 | D:2      | Learned a level 4 spell: Fulminant Prism
  1770 | D:3      | Noticed Ijyb
  2139 | D:4      | Noticed a steam dragon
  2148 | D:4      | Noticed a necrophage
  2151 | D:4      | Found a staircase to the Ecumenical Temple.
  2169 | Temple   | Entered the Ecumenical Temple
  2257 | Temple   | Became a worshipper of Vehumet
  2319 | D:4      | Killed a necrophage
  2320 | D:4      | Reached XP level 5. HP: 31/31 MP: 1/9
  2543 | D:4      | Reached XP level 6. HP: 36/36 MP: 4/10
  2557 | D:4      | Learned a level 4 spell: Iskenderun's Mystic Blast
  2866 | D:4      | Reached skill level 5 in Conjurations
  3090 | D:4      | HP: 1/36 [iguana (11)]
  3091 | D:4      | Mangled by an iguana

Illustrated notes

Levels and vault maps discovered:
D:1:      lightli_arrival_windingriver, layout_basic
D:2:      layout_loops_ring, ebering_ecumenical_altar_webs
D:3:      layout_rooms, uniq_ijyb
D:4:      layout_basic, minmay_temple_entry_ruins, uniq_pikel
Temple:   dshaligram_water_room_temple

Skill      XL: |  1  2  3  4  5  6 |
---------------+-------------------+-----
Translocations | 1 2 3 |  3.0
Hexes          | 1 2 |  2.8
Stealth        | 3 |  3.0
Spellcasting   | 3 |  3.3
Conjurations   | 5 |  5.1
Dodging        | 3 |  3.0

Action                   |  1- 3 |  4- 6 || total
-------------------------+-------+-------++-------
Melee: Short sword       |     5 |     5 ||    10
       Constrict         |     1 |     4 ||     5
       Tentacles         |       |     2 ||     2
Throw: Stone             |       |     2 ||     2
 Cast: Magic Dart        |    71 |    69 ||   140
       Searing Ray       |       |     9 ||     9
  Use: Scroll            |     2 |     4 ||     6
Armor: Skin              |       |     2 ||     2
Dodge: Dodged            |     2 |     3 ||     5
